 Dungeon Crawl Stone Soup version 0.30-a0-331-g8ab09dc110 (webtiles) character file.

Game seed: 13416754564210848394

227318 gruber the Gelid (level 19, -7/107 HPs)
             Began as a Vine Stalker Ice Elementalist on Oct 29, 2022.
             Was an Initiate of Gozag.
             Succumbed to a merfolk impaler's poison
             ... on level 4 of the Shoals.
             The game lasted 01:02:48 (38431 turns).

gruber the Gelid (Vine Stalker Ice Elementalist)   Turns: 38431, Time: 01:02:48

Health: -7/107     AC: 21    Str: 12    XL:     19   Next: 38%
Magic:  4/39       EV: 22    Int: 35    God:    Gozag
Gold:   6088       SH:  7    Dex: 27    Spells: 30/48 levels left

rFire   . . .      SeeInvis +    B - +6 shillelagh "Devastator" {shatter}
rCold   + . .      Faith    .    T - +0 buckler
rNeg    + . .      Spirit   +    z - +1 leather armour "Ocyter" {Int+5}
rPois   .          Reflect  .    G - +2 helmet {SInv}
rElec   .          Harm     .    Y - scarf {repulsion}
rCorr   +          Rampage  .    g - +0 pair of gloves
Will    ++...                    w - +0 pair of boots
Stlth   +++.......               D - amulet of regeneration
HPRegen 1.97/turn                m - ring "Pioz" {rC+ rN+ rCorr Int+3 Dex+6}
MPRegen 0.26/turn                E - ring "Orioron" {Int+6 Dex+5}

@: lethally poisoned (-7 -> -29), ice-armoured, on berserk cooldown, slowed,
repel missiles, very slow
A: fangs 3, regeneration 1, magic shield, antimagic bite, no potion heal 2
}: 1/15 runes: serpentine
a: Renounce Religion, Potion Petition, Call Merchant, Bribe Branch


You were on level 4 of the Shoals.
You worshipped Gozag.
Gozag was greatly pleased with you.
You visited 5 branches of the dungeon, and saw 30 of its levels.
You also visited: Bailey and Ice Cave.

You collected 11967 gold pieces.
You spent 1111 gold pieces at shops.
You paid 4768 gold pieces to Gozag.

Inventory:

Hand Weapons
 B - the +6 shillelagh "Devastator" (weapon) {shatter}
   (You found it on level 5 of the Dungeon)

   It releases a powerful concussive burst when it strikes, dealing extra damage
   to the target and all other foes adjacent to them.
 X - the +6 lajatang of War {pain, rF+ SInv}
   (You bought it in a shop on level 2 of the Orcish Mines)

   In the hands of one skilled in necromantic magic, it inflicts extra damage on
   living creatures.
   rF:        It protects you from fire.
   SInv:      It lets you see invisible.
Missiles
 W - a throwing net
Armour
 g - a +0 pair of gloves (worn)
 w - a +0 pair of boots (worn)
 z - the +1 leather armour "Ocyter" (worn) {Int+5}
   (You found it on level 6 of the Dungeon)

   Int:       It affects your intelligence (+5).
 G - a +2 helmet of see invisible (worn)
 T - a +0 buckler (worn)
 Y - a scarf of repulsion (worn)
Jewellery
 m - the ring "Pioz" (left hand) {rC+ rN+ rCorr Int+3 Dex+6}
   (You found it on level 2 of the Dungeon)

   [ring of dexterity]

   Int:       It affects your intelligence (+3).
   Dex:       It affects your dexterity (+6).
   rC:        It protects you from cold.
   rN:        It protects you from negative energy.
   rCorr:     It protects you from acid and corrosion.
 s - a ring of protection from cold
 t - a ring of positive energy
 u - a ring of ice
 D - an amulet of regeneration (around neck)
 E - the ring "Orioron" (right hand) {Int+6 Dex+5}
   (You found it on level 7 of the Dungeon)

   [ring of intelligence]

   Int:       It affects your intelligence (+6).
   Dex:       It affects your dexterity (+5).
 J - a +4 ring of protection
 R - a ring of flight
 V - the ring "Causo" {rF++ Will+}
   (You acquired it on level 1 of the Orcish Mines)

   [ring of willpower]

   rF:        It greatly protects you from fire.
   Will:      It increases your willpower.
Wands
 j - a wand of light (5)
 l - a wand of flame (17)
 n - a wand of mindburst (12)
 K - a wand of digging (15)
 N - a wand of polymorph (22)
 Q - a wand of charming (24)
 S - a wand of roots (18)
Scrolls
 a - 5 scrolls of amnesia
 c - 17 scrolls of teleportation
 h - 3 scrolls of immolation
 i - 9 scrolls of magic mapping
 o - 6 scrolls of blinking
 q - 4 scrolls of fear
 x - a scroll of identify
 y - 3 scrolls of butterflies
 F - 9 scrolls of poison
 H - 3 scrolls of vulnerability
 I - 3 scrolls of silence
 L - a scroll of brand weapon
 P - 2 scrolls of enchant weapon
 U - a scroll of summoning
Potions
 b - 2 potions of magic
 d - 2 potions of ambrosia
 e - 3 potions of cancellation
 f - 2 potions of lignification
 k - 6 potions of brilliance
 p - 12 potions of curing
 r - 5 potions of flight
 v - 7 potions of haste
 A - 4 potions of resistance
 C - 6 potions of might
 M - 6 potions of attraction
 O - 3 potions of invisibility
Miscellaneous
 Z - a condenser vane


   Skills:
 - Level 14.4 Fighting
 - Level 4.1 Short Blades
 - Level 10.1 Maces & Flails
 - Level 7.2 Armour
 - Level 11.0 Dodging
 - Level 2.4 Stealth
 - Level 6.1 Shields
 - Level 15.2 Spellcasting
 * Level 20.9 Ice Magic


You had 30 spell levels left.
You knew the following spells:

 Your Spells              Type           Power      Damage    Failure   Level
a - Freeze                Ice            100%       1d10      0%          1
b - Frozen Ramparts       Ice            100%       1d16      0%          3
c - Ozocubu's Armour      Ice            100%       N/A       0%          3
d - Summon Ice Beast      Ice/Summ       79%        N/A       1%          4
e - Ozocubu's Refrigerat  Ice            53%        4d19      1%          7

Your spell library contained the following spells:

 Spells                   Type           Power      Damage    Failure   Level
 Ensorcelled Hibernation  Hex/Ice        100%       N/A       1%          2
 Beastly Appendage        Tmut           52%        N/A       2%          1
 Sandblast                Erth           52%        2d12      2%          1
 Shock                    Conj/Air       100%       1d9       2%          1
 Slow                     Hex            100%       N/A       2%          1
 Sting                    Tmut/Pois      100%       1d8       2%          1
 Call Imp                 Summ           26%        N/A       3%          2
 Passwall                 Tmut/Erth      21%        N/A       3%          2
 Sublimation of Blood     Necr           26%        N/A       3%          2
 Wereblood                Tmut           26%        N/A       3%          2
 Confusing Touch          Hex            26%        N/A       7%          3
 Ignite Poison            Fire/Tmut/Pois 26%        N/A       7%          3
 Kindle Blastsparks       Fire/Tloc/Air  52%        2d14      7%          3
 Spider Form              Tmut/Pois      26%        N/A       7%          3
 Stone Arrow              Conj/Erth      52%        3d10      7%          3
 Swiftness                Air            26%        N/A       7%          3
 Tukima's Dance           Hex            26%        N/A       7%          3
 Vampiric Draining        Necr           26%        2d7       7%          3
 Airstrike                Air            13%        2d(2-18)  22%         4
 Anguish                  Hex/Necr       13%        N/A       22%         4
 Fulminant Prism          Conj/Hex       13%        3d9       22%         4
 Iskenderun's Mystic Bla  Conj/Tloc      26%        2d7       22%         4
 Leda's Liquefaction      Hex/Erth       13%        N/A       22%         4
 Passage of Golubria      Tloc           26%        N/A       22%         4
 Petrify                  Tmut/Erth      26%        N/A       22%         4
 Alistair's Intoxication  Tmut/Pois      17%        N/A       54%         5
 Lee's Rapid Deconstruct  Erth           13%        3d9*      54%         5
 Yara's Violent Unravell  Hex/Tmut       13%        3d7       54%         5
 Eringya's Noxious Bog    Tmut/Pois      13%        N/A       98%         6
 Iron Shot                Conj/Erth      13%        9d3       98%         6
 Statue Form              Tmut/Erth      17%        N/A       98%         6
 Monstrous Menagerie      Summ           13%        N/A       100%        7
 Summon Hydra             Summ           13%        N/A       100%        7


Dungeon Overview and Level Annotations

Branches:
Dungeon (15/15)            Temple (0/1) D:6            Lair (5/5) D:10
 Shoals (4/4) Lair:2        Snake (4/4) Lair:2        Slime (0/5) Lair:5
    Orc (2/2) D:12            Elf (0/3) Orc:2        Vaults (0/5) D:14
 Depths (0/4) D:15         Bailey (visited)           IceCv (visited)

Altars:
Ashenzari
Cheibriados
Elyvilon
Gozag
Hepliaklqana
Makhleb
Nemelex Xobeh
Qazlal
Ru
Sif Muna
Trog
Uskayaw
Vehumet
Wu Jian
Xom
Zin
The Shining One
Lugonu

Shops:
Orc:1 ?   Orc:2 ([*:   Snake:3 (   Snake:4 =

Portals:
Abyss: Lair:5
Trove: D:11 (give 7 scrolls of blinking)

Annotations:
D:4 2 transporters
D:9 3 runed translucent doors, Yawgmoth's ghost, novice TrCj
Snake:3 1 runed translucent door, Desoi's ghost, journeyman SpHs


Innate Abilities, Weirdness & Mutations

You have razor-sharp teeth.
Your natural rate of healing is unusually fast.
When hurt, damage is shared between your health and your magic reserves.
Your bite disrupts and absorbs the magic of your enemies.
Potions cannot restore your health.


Message History

You block the merfolk impaler's attack. The merfolk impaler barely misses you.
Unknown command.
You barely miss the merfolk impaler. You bite the merfolk impaler!
You drain its power.
You feel invigorated.
The merfolk impaler is severely wounded.
You feel very sick. The merfolk impaler barely misses you.
The merfolk impaler hits you with a +3 trident of venom!
* * * LOW HITPOINT WARNING * * *
You are more poisoned.
Unknown command.
You thump the merfolk impaler!
The merfolk impaler shudders.
The merfolk impaler is almost dead.
Your bite misses the merfolk impaler.
The merfolk impaler is almost dead.
You feel extremely sick.
The merfolk impaler hits you with a +3 trident of venom!
* * * LOW HITPOINT WARNING * * *
You are lethally poisoned!
The merfolk impaler completely misses you.
Unknown command.
Casting: Ozocubu's Refrigeration (dangerous; 1% risk of failure)
Confirm with . or Enter, or press ? or * to list all spells.
A film of ice covers your body!
* * * LOW HITPOINT WARNING * * *
You feel extremely sick. The merfolk impaler closely misses you.
The merfolk impaler hits you with a +3 trident of venom!!
* * * LOW HITPOINT WARNING * * *
You are more poisoned.
The merfolk impaler hits you with a +3 trident of venom.
* * * LOW HITPOINT WARNING * * *
Unknown command.
Unknown command.
Unknown command.
You hit the merfolk impaler but do no damage.
Your bite misses the merfolk impaler.
The merfolk impaler is almost dead.
You die...
Your body crumbles into a pile of gold.

≈≈≈≈≈≈≈≈≈≈≈≈≈≈≈~~~~~#~~~~~
~~~≈≈≈≈≈≈≈≈≈≈~~~~~..~~~~~~
~~~~~≈≈≈≈≈~~~~~~~$#.......
~~~~~~~≈≈~~~~~.......~~..~
..~~~.≈≈≈~~~~.(..#$.~~≈≈≈~
....~~≈≈≈~~~...$.$$$~~≈≈≈~
....~~≈≈≈~~.....$#$$~~≈≈≈~
....~~~≈≈~~..........~~~~~
......~$~~~$....@.#...~~~.
.#######~~......m.........
##≈≈≈≈≈##...$...$...#.....
#~....#≈##...$........#.#.
~..≈≈.:#≈#~.....^........
..#≈#≈..≈#~..P..........
..≈≈##≈.≈#~.............
.#.≈≈≈≈.≈#~............~
....≈#..≈#~........?....


You could see a merfolk impaler.

Vanquished Creatures
  Vashnia (Snake:3)
  Saint Roka (Snake:3)
  Nikola (Shoals:3)
  Jorgrun (D:13)
  Mlioglotl (Snake:3)
  A kraken (Shoals:4)
  Agnes (Snake:1)
  A sphinx (D:14)
  Frances (Snake:1)
  Kirke (Shoals:1)
  7 nagarajas
  Roxanne (Snake:3)
  2 reapers (IceCv)
  2 orc warlords
  Josephine (D:15)
  2 ettins (D:14)
  4 merfolk impalers
  4 merfolk javelineers
  6 salamander tyrants (Snake:4)
  A vault guard (D:14)
  A yaktaur captain (D:14)
  7 centaur warriors
  An ogre mage (D:14)
  2 alligator snapping turtles
  8 hydras
  3 merfolk avatars
  3 anacondas
  A catoblepas (D:14)
  6 merfolk aquamancers
  4 two-headed ogres
  2 boulder beetles
  6 death yaks (Lair:5)
  A deep troll earth mage (D:14)
  10 naga warriors
  A death knight (D:14)
  12 naga sharpshooters
  4 orc high priests (Orc:2)
  3 satyrs
  5 shock serpents
  4 thrashing horrors (Lair:5)
  8 sea snakes
  4 salamander mystics
  9 skeletal warriors (D:15)
  Lodul (D:13)
  A bog body (IceCv)
  A wizard (D:15)
  7 spriggan simulacra (IceCv)
  An obsidian statue (IceCv)
  A phantasmal warrior (D:14)
  4 naga ritualists
  4 orc knights
  5 deep elf zephyrmancers (Orc:1)
  A necromancer (D:15)
  Pikel (D:7)
  11 mana vipers
  6 orc sorcerers
  3 harpies (Shoals:3)
  3 cyclopes
  An oklob plant (Lair:5)
  13 ugly things
  9 deep elf pyromancers
  7 slime creatures
  13 manticores
  13 fauns
  20 salamanders
  3 centaur zombies (D:15)
  16 elephants
  7 merfolk sirens
  20 black mambas
  8 water nymphs
  3 guardian serpents (Snake:4)
  2 ice statues (Snake:2)
  An unseen horror (D:11)
  A gargoyle (D:12)
  2 smoke demons (Lair:5)
  13 naga magi
  8 cane toads
  A centaur skeleton (D:15)
  7 komodo dragons
  Maggie (D:7)
  A kobold demonologist (D:11)
  7 freezing wraiths
  3 redback zombies (D:15)
  2 efreet
  4 ice devils (IceCv)
  A golden dragon simulacrum (IceCv)
  4 polar bears
  24 merfolk
  An ancient zyme (Lair:5)
  A troll (shapeshifter) (Lair:5)
  4 wind drakes
  Prince Ribbit (D:7)
  4 trolls
  A wind drake (shapeshifter) (D:15)
  4 polar bears (shapeshifter)
  A wolf spider simulacrum (D:14)
  24 blink frogs
  6 dream sheep (Lair:4)
  A slime creature (shapeshifter) (D:14)
  11 snapping turtles
  A wyvern (Lair:3)
  2 shadows
  12 water elementals
  3 hogs (Shoals:1)
  2 vampires
  A dire elephant simulacrum (IceCv)
  2 spriggans (Lair:5)
  7 wraiths
  A centaur simulacrum (D:14)
  2 ynoxinuls (Lair:5)
  54 yaks
  A human (shapeshifter) (Lair:5)
  2 steam dragons
  7 vampire mosquitoes
  4 basilisks
  4 wargs
  2 harpy simulacra (IceCv)
  46 nagas
  3 acid dragons
  12 small abominations (Lair:5)
  4 water moccasins
  An acid dragon (shapeshifter) (D:15)
  A hydra simulacrum (IceCv)
  38 orc warriors
  A sky beast (D:6)
  A black bear (D:5)
  3 alligator simulacra (IceCv)
  A hornet zombie (D:15)
  15 ogres
  13 centaurs
  11 wolves
  4 lemures (D:7)
  2 phantoms (D:5)
  2 kobold brigands
  16 bullfrogs
  5 scorpions
  2 deep troll simulacra (IceCv)
  A necrophage (D:6)
  A gnoll sergeant (D:8)
  A hornet simulacrum (D:14)
  4 killer bees (D:9)
  An electric eel (D:14)
  A howler monkey (D:9)
  A lava snake (Lair:3)
  4 hounds
  26 orc priests
  A gnoll bouda (D:7)
  2 jellies
  An iguana (D:5)
  34 orc wizards
  9 gnolls
  12 adders
  2 shadow imps
  4 white imps
  3 ufetubi
  2 worms
  9 dart slugs
  90 orcs
  12 bats
  7 endoplasms
  3 giant cockroaches
  14 hobgoblins
  2 jackals (D:1)
  26 kobolds
  3 quokkas
  4 ball pythons
  6 frilled lizards
  8 goblins
  3 rats
  A plant (Shoals:3)
  3 tentacles (Shoals:4)
1058 creatures vanquished.

Vanquished Creatures (collateral kills)
  A deep elf pyromancer (D:15)
  A freezing wraith (IceCv)
  A wraith (D:15)
  A bullfrog (Lair:3)
4 creatures vanquished.

Vanquished Creatures (others)
  A naga sharpshooter (Snake:3)
  A sea snake (Shoals:3)
  2 fauns (Shoals:3)
  A water nymph (Shoals:4)
  12 fungi
  74 plants
  9 tentacles (Shoals:4)
  7 withered plants (D:15)
107 creatures vanquished.

Grand Total: 1169 creatures vanquished

Notes
Turn   | Place    | Note
-------+----------+-------------------------------------------
     0 | D:1      | gruber the Vine Stalker Ice Elementalist began the quest
                  | for the Orb.
     0 | D:1      | Reached XP level 1. HP: 9/9 MP: 4/4
   137 | D:1      | Reached XP level 2. HP: 13/13 MP: 3/6
   400 | D:1      | Reached XP level 3. HP: 16/16 MP: 7/7
   438 | D:1      | Reached skill level 5 in Ice Magic
  1264 | D:2      | Found a radiant altar of Vehumet.
  1268 | D:2      | Identified the ring "Pioz" {rC+ rN+ rCorr Int+3 Dex+6}
  1424 | D:2      | Gained mutation: Your natural rate of healing is unusually
                  | fast. [Vine Stalker growth]
  1424 | D:2      | Reached XP level 4. HP: 21/21 MP: 6/8
  1522 | D:2      | Reached skill level 1 in Short Blades
  1626 | D:2      | Found a faded altar of an unknown god.
  1940 | D:2      | Learned a level 3 spell: Frozen Ramparts
  2004 | D:3      | Found a shimmering blue altar of Sif Muna.
  2007 | D:3      | Found a sparkling altar of Nemelex Xobeh.
  2150 | D:3      | Found a hide-covered altar of Uskayaw.
  2341 | D:3      | Reached XP level 5. HP: 24/24 MP: 2/9
  2506 | D:3      | Found a snail-covered altar of Cheibriados.
  2515 | D:3      | Reached skill level 6 in Ice Magic
  2973 | D:4      | Found a transporter.
  3039 | D:4      | Reached XP level 6. HP: 25/28 MP: 6/10
  3110 | D:4      | Found a broken altar of Ashenzari.
  3118 | D:4      | You fall into a shaft and drop 1 floor!
  3118 | D:5      | Entered Level 5 of the Dungeon
  3143 | D:5      | Noticed a black bear
  3157 | D:5      | Killed a black bear
  3203 | D:5      | Reached XP level 7. HP: 32/32 MP: 4/11
  3401 | D:5      | Found the +6 shillelagh "Devastator" {shatter}
  3417 | D:5      | Reached skill level 5 in Dodging
  3417 | D:5      | Gained mutation: You have razor-sharp teeth. [Vine Stalker
                  | growth]
  3417 | D:5      | Reached XP level 8. HP: 22/36 MP: 10/12
  3610 | D:5      | Identified the +8 spear of Grand Tenacity {freeze, rC+}
  3631 | D:5      | Found a bloodstained altar of Trog.
  3651 | D:5      | Reached skill level 1 in Maces & Flails
  3757 | D:4      | Found an opulent altar of Gozag.
  3793 | D:4      | Found a transporter.
  3956 | D:4      | Found a sacrificial altar of Ru.
  3989 | D:4      | Learned a level 3 spell: Ozocubu's Armour
  4030 | D:4      | Found a stormy altar of Qazlal.
  4087 | D:4      | Found a burning altar of Makhleb.
  4206 | D:4      | Became a worshipper of Gozag Ym Sagoz the Greedy
  4422 | D:5      | Found a glowing silver altar of Zin.
  4422 | D:5      | Found a glowing golden altar of the Shining One.
  4422 | D:5      | Found a white marble altar of Elyvilon.
  4563 | D:6      | Found a staircase to the Ecumenical Temple.
  4792 | D:6      | Found a shimmering altar of Xom.
  5213 | D:6      | Identified the +1 leather armour "Ocyter" {Int+5}
  5254 | D:7      | Noticed a yak
  5254 | D:7      | Noticed a yak
  5254 | D:7      | Noticed a yak
  5254 | D:7      | Noticed a yak
  5257 | D:7      | Noticed a yak
  5260 | D:7      | Killed a yak
  5260 | D:7      | Killed a yak
  5261 | D:7      | Reached skill level 5 in Maces & Flails
  5261 | D:7      | Reached XP level 9. HP: 20/39 MP: 11/16
  5337 | D:7      | Noticed Prince Ribbit
  5348 | D:7      | Killed Prince Ribbit
  5731 | D:7      | Noticed Pikel
  5746 | D:7      | Killed Pikel
  6111 | D:7      | Noticed Maggie
  6116 | D:7      | Killed Maggie
  6117 | D:7      | Reached XP level 10. HP: 27/44 MP: 12/17
  6588 | D:7      | Identified the +0 ring mail "Jorius" {-Tele Rampage rCorr
                  | Str+2}
  6725 | D:8      | Noticed a two-headed ogre
  6731 | D:8      | Killed a two-headed ogre
  6732 | D:8      | Reached skill level 10 in Maces & Flails
  6958 | D:8      | Reached skill level 5 in Spellcasting
  7426 | D:9      | Found a flagged portal.
  7435 | Bailey   | Entered a bailey
  7452 | Bailey   | Noticed an orc warlord
  7678 | Bailey   | Found a runed translucent gate.
  7678 | Bailey   | Found a runed translucent gate.
  7678 | Bailey   | Found a runed translucent gate.
  7697 | Bailey   | Reached skill level 7 in Ice Magic
  7697 | Bailey   | Reached XP level 11. HP: 53/53 MP: 24/24
  7806 | Bailey   | Killed an orc warlord
  8037 | Bailey   | Reached skill level 5 in Fighting
  8037 | Bailey   | Reached skill level 10 in Spellcasting
  8037 | Bailey   | Reached skill level 8 in Ice Magic
  8037 | Bailey   | Reached XP level 12. HP: 60/60 MP: 27/27
  8199 | D:9      | Found an ornate altar of the Wu Jian Council.
  8300 | D:9      | Found a hazy altar of Hepliaklqana.
  8416 | D:9      | Found a runed translucent gate.
  8416 | D:9      | Found a runed translucent gate.
  8416 | D:9      | Found a runed translucent gate.
  8417 | D:9      | Noticed Yawgmoth's ghost (novice TrCj)
  8810 | D:10     | Entered Level 10 of the Dungeon
  8928 | D:10     | Reached XP level 13. HP: 58/67 MP: 20/28
  9241 | D:10     | Identified the +3 leather armour "Yskeh" {Dex+4}
  9295 | D:10     | Found a staircase to the Lair.
 10094 | Lair:1   | Entered Level 1 of the Lair of Beasts
 10234 | Lair:1   | Reached skill level 1 in Shields
 10313 | Lair:1   | Learned a level 4 spell: Summon Ice Beast
 10321 | Lair:1   | Learned a level 7 spell: Ozocubu's Refrigeration
 10972 | Lair:1   | Reached skill level 5 in Shields
 11515 | Lair:2   | Found a staircase to the Snake Pit.
 11644 | Lair:2   | Found a staircase to the Shoals.
 11728 | Lair:2   | Reached skill level 9 in Ice Magic
 12547 | Lair:3   | Identified the +6 rapier "Cuaximmi" {vorpal, *Rage rF+
                  | Int+3 Dex+3}
 12631 | Lair:3   | Reached skill level 10 in Ice Magic
 12922 | Lair:3   | Reached skill level 11 in Ice Magic
 13107 | Lair:3   | Reached XP level 14. HP: 68/72 MP: 29/29
 13723 | Lair:4   | Reached skill level 12 in Ice Magic
 13950 | Lair:4   | Reached skill level 13 in Ice Magic
 14343 | Lair:5   | Entered Level 5 of the Lair of Beasts
 14555 | Lair:5   | Found a staircase to the Slime Pits.
 14656 | Lair:5   | Reached skill level 14 in Ice Magic
 14672 | Lair:5   | Reached skill level 15 in Ice Magic
 14920 | Lair:5   | Reached skill level 16 in Ice Magic
 15388 | Lair:5   | Reached skill level 17 in Ice Magic
 15769 | Lair:5   | Reached skill level 18 in Ice Magic
 15775 | Lair:5   | Reached XP level 15. HP: 75/77 MP: 27/30
 15789 | Lair:5   | Found a corrupted altar of Lugonu.
 15789 | Lair:5   | Found a one-way gate to the infinite horrors of the Abyss.
 16316 | Lair:5   | Got the Guide on Summoned Toxicity
 16761 | D:11     | Found a portal to a secret trove of treasure.
 16878 | D:11     | Found Diuvat's CLEARANCE SALE!.
 16909 | D:11     | Bought the +3 ring mail "Ehiosoiti" {Contam Regen+ Str+2
                  | Int+2} for 86 gold pieces
 16909 | D:11     | Bought a potion of curing for 9 gold pieces
 16909 | D:11     | Bought a potion of ambrosia for 24 gold pieces
 17046 | D:12     | Found a staircase to the Orcish Mines.
 17771 | D:13     | Noticed Lodul
 17776 | D:13     | Killed Lodul
 17777 | D:13     | Reached skill level 19 in Ice Magic
 18038 | D:13     | Noticed Jorgrun
 18050 | D:13     | Killed Jorgrun
 18729 | D:14     | Identified the +0 tower shield of Narcissism {rPois rC-
                  | Stlth+}
 19221 | D:14     | Reached skill level 20 in Ice Magic
 19458 | D:14     | Found a gate to the Vaults.
 20009 | D:14     | Noticed a sphinx
 20016 | D:14     | Killed a sphinx
 21055 | D:14     | Identified the amulet of Peitwoimp {Spirit Str+2}
 21117 | D:14     | Got the Octavo of Clay
 21558 | D:15     | Entered Level 15 of the Dungeon
 21668 | D:15     | Reached XP level 16. HP: 81/81 MP: 30/33
 21691 | D:15     | Noticed Josephine
 21699 | D:15     | Killed Josephine
 21712 | D:15     | Reached skill level 5 in Armour
 22126 | D:15     | Found a staircase to the Depths.
 22724 | Orc:1    | Entered Level 1 of the Orcish Mines
 22835 | Orc:1    | Found Teusin's Magic Scroll Boutique.
 23093 | Orc:1    | Bought a scroll of identify for 32 gold pieces
 23093 | Orc:1    | Bought a scroll of identify for 32 gold pieces
 23112 | Orc:1    | Identified 2 scrolls of acquirement
 23115 | Orc:1    | Acquired the ring of Heimyvo {*Slow Int+8 Dex+6}
 23119 | Orc:1    | Acquired the ring "Causo" {rF++ Will+}
 23433 | Orc:2    | Entered Level 2 of the Orcish Mines
 23597 | Orc:2    | Found a staircase to the Elven Halls.
 23908 | Orc:2    | Found Pounub's Antique Armour Emporium.
 23909 | Orc:2    | Found Rahohegg's Antique Weapon Emporium.
 23911 | Orc:2    | Found Gixtiuco's General Store.
 23911 | Orc:2    | Found Piwufiy's Book Shoppe.
 24075 | Orc:2    | Found a shimmering blue altar of Sif Muna.
 24660 | Orc:2    | Bought a steaming lajatang for 640 gold pieces
 24660 | Orc:2    | Identified the +6 lajatang of War {pain, rF+ SInv} (You
                  | bought it in a shop on level 2 of the Orcish Mines)
 24865 | Snake:1  | Entered Level 1 of the Snake Pit
 24920 | Snake:1  | Noticed Agnes
 24926 | Snake:1  | Noticed Frances
 24930 | Snake:1  | Killed Agnes
 24934 | Snake:1  | Killed Frances
 24942 | Snake:1  | Reached skill level 10 in Dodging
 25171 | Snake:1  | You fall into a shaft and drop 1 floor!
 25171 | Snake:2  | Found a burning altar of Makhleb.
 25251 | Snake:2  | Noticed a nagaraja
 25255 | Snake:2  | Killed a nagaraja
 25256 | Snake:2  | Reached XP level 17. HP: 85/85 MP: 11/34
 25379 | Snake:2  | Found a frozen archway.
 25409 | IceCv    | Entered an ice cave
 27126 | Snake:3  | Noticed Vashnia
 27159 | Snake:3  | Killed Vashnia
 27288 | Snake:3  | Noticed Mlioglotl
 27405 | Snake:3  | Killed Mlioglotl
 27406 | Snake:3  | Reached skill level 10 in Fighting
 27578 | Snake:3  | Found Vajoqiwn's Weapon Boutique.
 27748 | Snake:3  | Noticed Saint Roka
 27791 | Snake:3  | Killed Saint Roka
 27853 | Snake:3  | Identified Roxanne's Guide on Variation
 27853 | Snake:3  | Noticed Roxanne
 27870 | Snake:3  | Killed Roxanne
 27992 | Snake:3  | Found a runed translucent door.
 27999 | Snake:3  | Noticed Desoi's ghost (journeyman SpHs)
 28770 | Orc:2    | Bought a slimy quarterstaff for 288 gold pieces
 28770 | Orc:2    | Identified the +2 quarterstaff "Nipesirou" {freeze, Int+4}
                  | (You bought it in a shop on level 2 of the Orcish Mines)
 28951 | D:7      | Identified the ring "Orioron" {Int+6 Dex+5}
 29809 | Snake:4  | Entered Level 4 of the Snake Pit
 30543 | Snake:4  | Found Yryczen's One-of-a-Kind Rings.
 30826 | Snake:4  | Reached XP level 18. HP: 95/98 MP: 32/35
 32786 | Snake:4  | Got a serpentine rune of Zot
 33247 | Shoals:1 | Entered Level 1 of the Shoals
 34087 | Shoals:1 | Noticed Kirke
 34113 | Shoals:1 | Killed Kirke
 36271 | Shoals:3 | Noticed Nikola
 36326 | Shoals:3 | Reached XP level 19. HP: 61/107 MP: 12/38
 36385 | Shoals:3 | Killed Nikola
 36386 | Shoals:3 | Reached skill level 15 in Spellcasting
 37519 | Shoals:4 | Entered Level 4 of the Shoals
 38430 | Shoals:4 | HP: 3/107 [merfolk impaler/+3 trident of venom (6)]
 38431 | Shoals:4 | Succumbed to a merfolk impaler's poison

Illustrated notes

Levels and vault maps discovered:
D:1:      amcnicky_arrival_choice, layout_basic
D:2:      layout_basic, basic_altar, hellmonk_ecumenical_altar_defaced_shrine,
          glass_columns_b, patterned_corridor
D:3:      layout_loops_corners, mainiacjoe_overflow_catwalk,
          chequers_temple_overflow_statue_of_worship,
          mainiacjoe_overflow_brackets, roderic_batcave
D:4:      gammafunk_steamed_eel, layout_gridville, kennysheep_mini_moat,
          nicolae_ashenzari_skybound, mainiacjoe_overflow_24_doors,
          mainiacjoe_overflow_swirl, eino_tiny_chamber
D:5:      layout_basic, good_gods_mini_temple, mainiacjoe_overflow_chevrons,
          kennysheep_cross_room, dilly_guarded_unrand_devastator
D:6:      layout_layer_cave, mainiacjoe_overflow_alcove_1,
          minmay_temple_entry_statues_fountains
D:7:      layout_basic, due_unseen_surprise, uniq_maggie, uniq_prince_ribbit1,
          uniq_pikel
D:8:      layout_rooms
D:9:      layout_rooms, mainiacjoe_overflow_cross_hatched, kennysheep_mini,
          gammafunk_ghost_nasty_kobolds, enter_bailey_4
D:10:     layout_loops_ring, lair_entry_dummy, minmay_misc_feat_tower
D:11:     layout_gridville, trove_entry_hex_spiral, nicolae_shop_clearance
D:12:     layout_roguey, orc_0_dummy, wad_floor_pattern_untrapped
D:13:     layout_gridville, uniq_jorgrun, uniq_lodul
D:14:     minmay_box_of_curves, layout_basic, david_vaults_5, serial_ice,
          serial_ice_j, serial_ice_b, serial_ice_e, serial_ice_f
D:15:     grunt_enter_depths_magical_seal, layout_rooms, serial_undead,
          serial_undead_f, serial_undead_c, serial_undead_b, serial_undead_d,
          hellmonk_bongcloud_opening, uniq_josephine
Lair:1:   cheibrodos_lair_river_kwai, layout_regular_city,
          nicolae_lair_grazing_beasts [nicolae_sub_lair_graze_edge,
          nicolae_sub_lair_graze_edge, nicolae_sub_lair_graze_edge,
          nicolae_sub_lair_graze_edge], grunt_megastairs_2,
          infiniplex_staircase_pool
Lair:2:   layout_roguey, elwin_shoals_entry_rocks,
          minmay_snake_entry_guardpost_small, infiniplex_staircase_pool_2,
          grunt_megastairs_3
Lair:3:   layout_gridlike, grunt_megastairs_1
Lair:4:   layout_hall_layers
Lair:5:   hellmonk_lair_end_abyssal_woods, layout_small_grid,
          minmay_slime_entry_oklob_open, lemuel_fruit_fields
Shoals:1: layout_shoals, uniq_kirke
Shoals:2: cheibrodos_shoals_baths, layout_shoals
Shoals:3: layout_shoals, uniq_nikola
Shoals:4: shoals_end_hangedman, layout_shoals, nicolae_shoals_water_shrine
Snake:1:  layout_grid_shapes, uniq_agnes, uniq_frances
Snake:2:  layout_misc_corridors, portal_ice_cave_entry_ice_statue_two,
          basic_altar, lemuel_fruit_tree
Snake:3:  nicolae_snake_nest, layout_layer_cave, ebering_ghost_reflecting_pool,
          serial_shops, nicolae_shop_bloodbath_and_beyond, uniq_roxanne,
          uniq_mlioglotl, uniq_saint_roka, uniq_vashnia
Snake:4:  minmay_snake_end_coiled, layout_layer_cave, nicolae_shop_unique_rings,
          nicolae_large_snake_swirl
Orc:1:    layout_diamond_mine, serial_shops, nicolae_square_shop,
          elves_outpost_lemuel
Orc:2:    st_orc_congregation, layout_caves, kennysheep_orc_sif_temple

Skill      XL: |  1  2  3  4  5  6  7  8  9 10 11 12 13 14 15 16 17 18 19 |
---------------+----------------------------------------------------------+-----
Ice Magic      | 5 6 7 8 11 18 20 | 20.9
Short Blades   | 2 3 4 |  4.1
Dodging        | 2 5 10 11 | 11.0
Maces & Flails | 5 9 10 | 10.1
Spellcasting   | 4 8 10 12 14 15 | 15.2
Fighting       | 4 5 7 12 14 | 14.4
Armour         | 3 4 6 7 |  7.2
Shields        | 6 |  6.1
Stealth        | |  2.4

Action                   |  1- 3 |  4- 6 |  7- 9 | 10-12 | 13-15 | 16-18 | 19-21 || total
-------------------------+-------+-------+-------+-------+-------+-------+-------++-------
Melee: Unarmed           |    15 |       |       |       |       |       |       ||    15
       Bite              |    21 |    28 |    26 |    27 |   302 |   402 |    78 ||   884
       Dagger            |    62 |   128 |    21 |       |       |       |       ||   211
       Punch             |     1 |     4 |     2 |       |       |       |       ||     7
       Shillelagh        |       |       |    85 |    99 |   739 |   903 |   170 ||  1996
 Cast: Freeze            |     9 |       |     3 |       |       |       |       ||    12
       Frozen Ramparts   |       |     5 |    13 |    17 |    59 |    15 |     4 ||   113
       Ozocubu's Armour  |       |       |     2 |     8 |    56 |    20 |     6 ||    92
       Summon Ice Beast  |       |       |       |       |     8 |     3 |       ||    11
       Ozocubu's Refrige |       |       |       |       |    21 |   141 |    28 ||   190
Invok: Potion Petition   |       |       |       |       |       |     7 |     3 ||    10
Evoke: Wand              |       |       |       |     5 |     2 |     1 |       ||     8
       Condenser vane    |       |       |       |       |       |     1 |       ||     1
  Use: Potion            |       |       |       |     2 |       |     2 |       ||     4
       Scroll            |       |       |       |       |       |    24 |     3 ||    27
 Stab: Sleeping          |     4 |     3 |     6 |     3 |     7 |     6 |       ||    29
       Distracted        |       |       |     1 |     1 |    14 |    12 |       ||    28
       Invisible         |       |       |       |     1 |     1 |       |       ||     2
Armor: Robe              |    13 |    36 |     9 |       |       |       |       ||    58
       Leather armour    |       |       |     2 |    19 |   192 |   157 |    30 ||   400
Dodge: Dodged            |    50 |    82 |    62 |    61 |   318 |   676 |   148 ||  1397
       Repelled          |       |       |       |       |     4 |    22 |     4 ||    30
Block: Buckler           |       |       |       |       |   265 |   296 |    62 ||   623
       Reflection        |       |       |       |       |    12 |       |       ||    12

Table legend: (Time is in decaauts)
 A = Elapsed time spent in this place.
 B = Non-inter-level travel time spent in this place.
 C = Inter-level travel time spent in this place.
 D = Time resting spent in this place.
 E = Time spent auto-exploring this place.
 F = Levels seen in this place.
 G = Mean time per level.
                   A        B        C        D        E       F      G
               +--------+--------+--------+--------+--------+-----+--------+
         Total |  38576 |  36543 |   2033 |    325 |  30250 |  32 | 1205.5 |
       Dungeon |  15903 |  14987 |    916 |      9 |  12771 |  15 | 1060.2 |
          Lair |   6621 |   6153 |    468 |      0 |   5113 |   5 | 1324.2 |
        Shoals |   5505 |   5375 |    130 |     57 |   4401 |   4 | 1376.2 |
     Snake Pit |   6891 |   6608 |    283 |    241 |   5396 |   4 | 1722.8 |
  Orcish Mines |   2199 |   1965 |    234 |      0 |   1631 |   2 | 1099.5 |
        Bailey |    609 |    609 |      0 |      9 |    404 |   1 |  609.0 |
      Ice Cave |    846 |    846 |      0 |      8 |    530 |   1 |  846.0 |
               +--------+--------+--------+--------+--------+-----+--------+

Top non-repeatable levels by time:
 Snake:4: 3344 daAuts
    D:14: 2990 daAuts
  Lair:5: 2082 daAuts
Shoals:1: 1716 daAuts
 Snake:3: 1554 daAuts
Shoals:3: 1535 daAuts
  Lair:1: 1477 daAuts
   Orc:2: 1438 daAuts
Shoals:2: 1275 daAuts
  Lair:2: 1233 daAuts
     D:7: 1161 daAuts
  Lair:3: 1138 daAuts
    D:10: 1075 daAuts
     D:1: 1075 daAuts
    D:15: 1069 daAuts
